 Dungeon Crawl Stone Soup version 0.29-a0-111-gbaf749a769 (webtiles) character file.

Game seed: 10934606616201964204

100 lunkers the Chopper (level 5, -2/41 HPs)
             Began as a Formicid Fighter on Feb 17, 2022.
             Slain by Eustachio (3 damage)
             ... on level 4 of the Dungeon.
             The game lasted 00:04:31 (2772 turns).

lunkers the Chopper (Formicid Fighter)              Turns: 2772, Time: 00:04:32

Health: -2/41      AC:  6    Str: 23    XL:     5   Next: 3%
Magic:  5/5        EV:  9    Int:  7    God:
Gold:   128        SH:  4    Dex: 10    Spells: 4/4 levels left

rFire   . . .      SeeInvis +   a - +0 war axe
rCold   . . .      Faith    .   c - +0 buckler
rNeg    + . .      Spirit   .   b - +0 scale mail
rPois   +          Reflect  .   (helmet unavailable)
rElec   .          Harm     .   (no cloak)
rCorr   .          Rampage  .   (no gloves)
Will    .....                   (no boots)
Stlth   ..........              (no amulet)
HPRegen 0.13/turn               o - ring of poison resistance
MPRegen 0.09/turn               v - ring of positive energy

@: mighty
A: permanent stasis, dig shafts and tunnels, antennae 3, four strong arms
a: Dig, Shaft Self


You were on level 4 of the Dungeon.
You visited 1 branch of the dungeon, and saw 4 of its levels.

You collected 128 gold pieces.

Inventory:

Hand Weapons
 a - a +0 war axe (weapon)
 t - the +4 hand axe "Busch" {vorpal, rC- Will++}
   (You found it on level 3 of the Dungeon)

   It inflicts extra damage upon your enemies.
   rC:        It makes you vulnerable to cold.
   Will:      It greatly increases your willpower.
Armour
 b - a +0 scale mail (worn)
 c - a +0 buckler (worn)
 s - a +0 ring mail
Jewellery
 n - a ring of ice
 o - a ring of poison resistance (left hand)
 q - a ring of ice
 v - a ring of positive energy (right hand)
Scrolls
 m - 2 scrolls of teleportation {unknown}
 p - a scroll of identify
 r - a scroll of immolation {unknown}
 u - a scroll of vulnerability {unknown}
Potions
 e - 2 potions of curing
 f - 2 potions of ambrosia {unknown}
 g - 3 potions of degeneration {unknown}
 h - a potion of berserk rage {unknown}
 i - a potion of heal wounds {unknown}
 j - 3 potions of brilliance {unknown}
 k - 2 potions of lignification {unknown}
 l - a potion of haste {unknown}


   Skills:
 - Level 3.2 Fighting
 * Level 4.8 Axes
 - Level 3.2 Armour
 - Level 3.6 Shields


You had 4 spell levels left.
You didn't know any spells.
Your spell library contained the following spells:

 Spells                   Type           Power      Damage    Failure   Level
 Ensorcelled Hibernation  Hex/Ice        0%         N/A       91%         2
 Passwall                 Tmut/Erth      0%         N/A       91%         2
 Gell's Gravitas          Tloc           0%         N/A       99%         3
 Lesser Beckoning         Tloc           0%         N/A       99%         3
 Teleport Other           Tloc           0%         N/A       99%         3
 Lee's Rapid Deconstruct  Erth           0%         3d5*      100%        5
 Summon Forest            Summ/Tloc      0%         N/A       100%        5
 Summon Mana Viper        Hex/Summ       0%         N/A       100%        5
 Summon Cactus Giant      Summ           0%         N/A       100%        6
 Lehudib's Crystal Spear  Conj/Erth      0%         10d2      100%        8
 Swiftness                Air            Unusable   N/A       N/A         3

Dungeon Overview and Level Annotations

Branches:
Dungeon (4/15)
 Temple: D:4-7

Altars:
Trog
Zin

Annotations:
D:4 Eustachio


Innate Abilities, Weirdness & Mutations

You cannot be hasted, slowed, berserked, paralysed or teleported.
You can dig through walls and to a lower floor.
You have a pair of large antennae on your head. (SInv)
Your four strong arms can wield two-handed weapons with a shield.


Message History

Eustachio is lightly wounded.
You hit the quokka. You slash the crimson imp! You block the bat's attack.
The quokka bites you but does no damage.
Eustachio asks, "How can you live without manners, virtues and honour?"
Eustachio completely misses you. You block the crimson imp's attack.
The quokka bites you but does no damage.
Unknown command.
You closely miss Eustachio.
Eustachio is lightly wounded.
You slash the bat!
You kill the bat!
The bat's corpse disappears in a puff of smoke!
You hit the quokka.
You kill the quokka!
The quokka's corpse disappears in a puff of smoke!
You miss the crimson imp.
Eustachio gestures wildly while chanting.
The crimson imp barely misses you.
Unknown command.
You slash Eustachio!
Eustachio is heavily wounded.
You miss the crimson imp. The bat hits you but does no damage.
You block Eustachio's attack. The crimson imp barely misses you.
You block the bat's attack.
Eustachio hits you with a +2 rapier of freezing!
* * * LOW HITPOINT WARNING * * *
Eustachio freezes you.
* * * LOW HITPOINT WARNING * * *
You closely miss Eustachio.
Eustachio is heavily wounded.
You hit the crimson imp. You closely miss the bat. The bat barely misses you.
The bat hits you but does no damage. The crimson imp closely misses you.
Eustachio completely misses you. The crimson imp barely misses you.
You closely miss Eustachio.
Eustachio is heavily wounded.
You barely miss the crimson imp. You block the bat's attack.
Eustachio hits you with a +2 rapier of freezing.
* * * LOW HITPOINT WARNING * * *
Eustachio freezes you.
You die...

.....#
#...........# ..
......#.#....#
#..###.###...##
#..# #........##
##. #.........#
# ##........#
..###........###
.......5.......#
......b@@......#
##....$....#...#
#......([.#..##
##...........#
#...........#
......##......
..###.. ......
.. ##. ......


You could see Eustachio, a crimson imp (summoned) and a bat (summoned).

Vanquished Creatures
  6 adders
  An orc (D:3)
  7 endoplasms
  A giant cockroach (D:1)
  3 goblins
  8 hobgoblins
  A quokka (D:2)
  4 ball pythons
  7 frilled lizards
  3 kobolds
  7 rats
48 creatures vanquished.

Notes
Turn   | Place    | Note
-------+----------+-------------------------------------------
     0 | D:1      | lunkers the Formicid Fighter began the quest for the Orb.
     0 | D:1      | Reached XP level 1. HP: 18/18 MP: 1/1
    79 | D:1      | Found a faded altar of an unknown god.
   239 | D:1      | Reached XP level 2. HP: 24/24 MP: 2/2
   849 | D:2      | Reached skill level 3 in Axes
   857 | D:2      | Got Qujoymee's Disquisition on Earth
  1204 | D:2      | Reached XP level 3. HP: 26/29 MP: 3/3
  1543 | D:2      | Identified the +1 leather armour "Rufuxzeg" {MP+9 Str+4
                  | Slay-6}
  1783 | D:3      | Reached skill level 4 in Axes
  1783 | D:3      | Reached XP level 4. HP: 35/35 MP: 4/4
  2219 | D:3      | Identified the +4 hand axe "Busch" {vorpal, rC- Will++}
  2375 | D:3      | Reached XP level 5. HP: 39/41 MP: 5/5
  2600 | D:3      | Found a bloodstained altar of Trog.
  2607 | D:3      | Found a glowing silver altar of Zin.
  2760 | D:4      | Noticed Eustachio
  2772 | D:4      | HP: 1/41 [Eustachio (6)]
  2772 | D:4      | Slain by Eustachio

Illustrated notes

Levels and vault maps discovered:
D:1:      lemuel_arrival_broad_hall, layout_basic,
          nicolae_ecumenical_lake_church, corexii_leaking_fountain
D:2:      layout_basic, minmay_misc_feat_square
D:3:      layout_basic, mainiacjoe_overflow_catwalk, bloody_trog,
          minmay_starry_boxes
D:4:      layout_cave_pools, mainiacjoe_overflow_concentric_impassable,
          uniq_eustachio, uniq_robin

Skill      XL: |  1  2  3 |
---------------+----------+-----
Axes           | 3 4 |  4.8
Fighting       | |  3.2
Armour         | |  3.2
Shields        | |  3.6

Action                   |  1- 3 |  4- 6 || total
-------------------------+-------+-------++-------
Melee: War axe           |    76 |    63 ||   139
  Use: Scroll            |     2 |       ||     2
       Potion            |       |     1 ||     1
Armor: Scale mail        |    32 |    25 ||    57
Dodge: Dodged            |    34 |    34 ||    68
Block: Buckler           |    15 |    15 ||    30

Table legend: (Time is in decaauts)
 A = Elapsed time spent in this place.
 B = Non-inter-level travel time spent in this place.
 C = Inter-level travel time spent in this place.
 D = Time resting spent in this place.
 E = Time spent auto-exploring this place.
 F = Levels seen in this place.
 G = Mean time per level.
                   A        B        C        D        E       F      G
               +--------+--------+--------+--------+--------+-----+--------+
         Total |   2821 |   2746 |     75 |      0 |   2314 |   4 |  705.2 |
       Dungeon |   2821 |   2746 |     75 |      0 |   2314 |   4 |  705.2 |
               +--------+--------+--------+--------+--------+-----+--------+

Top non-repeatable levels by time:
     D:3: 932 daAuts
     D:2: 919 daAuts
     D:1: 858 daAuts
     D:4: 111 daAuts
